 Dungeon Crawl Stone Soup version 0.29-a0-2-g12fcac58f8 (webtiles) character file.

Game seed: 10761189190209038723

19 HallandMoats the Ruffian (level 2, 26/26 HPs)
             Began as a Ghoul Monk on Jan 27, 2022.
             Was a Believer of Sif Muna.
             Safely got out of the dungeon.
             The game lasted 00:01:05 (968 turns).

HallandMoats the Ruffian (Ghoul Monk)                Turns: 968, Time: 00:01:05

Health: 26/26      AC:  5    Str: 14    XL:     2   Next: 75%
Magic:  1/1        EV: 11    Int:  5    God:    Sif Muna [**....]
Gold:   39         SH:  0    Dex: 11    Spells: 1/1 levels left

rFire   . . .      SeeInvis .     - Unarmed
rCold   + . .      Faith    .   (no shield)
rNeg    + + +      Spirit   .   b - +0 ring mail
rPois   ∞          Reflect  .   (no helmet)
rElec   .          Harm     .   (no cloak)
rCorr   .          Rampage  .   (no gloves)
Will    .....                   (no boots)
Stlth   +.........              (no amulet)
HPRegen 0.08/turn               (no ring)
MPRegen 0.07/turn               (no ring)

@: no status effects
A: claws 1, cold resistance 1, negative energy resistance 3, inhibited
regeneration, torment resistance 2
a: Renounce Religion, Channel Magic


You escaped.
You worshipped Sif Muna.
Sif Muna was pleased with you.
You visited 1 branch of the dungeon, and saw 2 of its levels.

You collected 39 gold pieces.

Inventory:

Armour
 b - a +0 ring mail (worn)
Jewellery
 c - a ring of ice
 d - a ring of ice
Scrolls
 f - a scroll of immolation {unknown}
 i - a scroll of identify {unknown}
Potions
 a - 2 potions of curing {unknown}
 e - a potion of heal wounds {unknown}
 g - a potion of flight {unknown}
 h - a potion of haste {unknown}


   Skills:
 * Level 3.6 Fighting
 + Level 0.3 Armour
 + Level 2.8 Dodging
 - Level 2.1 Stealth
 * Level 3.6 Unarmed Combat
 + Level 0.8 Invocations


You had one spell level left.
You didn't know any spells.
Your spell library contained the following spells:

 Spells                   Type           Power      Damage    Failure   Level
 Magic Dart               Conj           0%         1d3       73%         1
 Call Imp                 Summ           0%         N/A       86%         2
 Mephitic Cloud           Conj/Pois/Air  0%         N/A       97%         3


Dungeon Overview and Level Annotations

Branches:
Dungeon (2/15)

Altars:
Sif Muna


Innate Abilities, Weirdness & Mutations

You thrive by killing the living.
You are immune to poison.
You have sharp fingernails.
Your flesh is cold resistant. (rC+)
You are immune to negative energy. (rN+++)
You do not regenerate when monsters are visible.
You are immune to unholy pain and torment.


Message History

No target in view!
No target in view!
No target in view!
No target in view!
No target in view!
(D) Dungeon
Where to? (Enter - D:2, ? - help)
What level of the Dungeon? (default 1, ? - help)
There is a shimmering blue altar of Sif Muna here.
You enter the shallow water.
Moving in this stuff is going to be slow.
HP restored.
A bat comes into view.
You see here a hobgoblin corpse.
The bat misses you.
Your unstable footing causes you to fumble your attack.
The bat hits you but does no damage. The bat closely misses you.
No reachable target in view!
No reachable target in view!
No reachable target in view!
No reachable target in view!
The bat closely misses you. The bat hits you but does no damage.
The bat closely misses you. The bat hits you but does no damage.
There is a stone staircase leading up here.
The bat closely misses you.
You climb upwards.
There is a stone staircase leading down here.
(D) Dungeon
Where to? (Enter - D:1 @ (x,y), ? - help)
What level of the Dungeon? (default 1, ? - help)
You open the door.
There is an open door here.
Things that are here:
3 stones; a +0 short sword of speed
There is a staircase leading out of the dungeon here.
Are you sure you want to leave the Dungeon?
This will make you lose the game!
You have escaped!

#...........# #########.###
###....####.# ##........##.#
##....##....### ######
#............# #.....
#............##########.....
#....####....[#.............
####..###
###@..#########.....
###..##.# ##..# #.......
..#.....### ###...# #.......
#.#.#.....####.....#
#.######
#.#.##............##
#.#..... #.#.##............#
#.#.....
..#.###....##....###
#.#.....
..#...##........##'##
#.#.....
..####.###....###>..##
#.######


There were no monsters in sight!

Vanquished Creatures
  An endoplasm (D:1)
  A goblin (D:1)
  3 hobgoblins
  4 jackals (D:1)
  3 kobolds (D:1)
  2 bats
  A frilled lizard (D:1)
  2 rats (D:1)
17 creatures vanquished.

Notes
Turn   | Place    | Note
-------+----------+-------------------------------------------
     0 | D:1      | HallandMoats the Ghoul Monk began the quest for the Orb.
     0 | D:1      | Reached XP level 1. HP: 19/19 MP: 0/0
   169 | D:1      | Reached XP level 2. HP: 26/26 MP: 1/1
   898 | D:2      | Found a faded altar of an unknown god.
   906 | D:2      | Prayed at the altar of an unknown god.
   906 | D:2      | Became a worshipper of Sif Muna the Loreminder
   906 | D:2      | Reached * piety under Sif Muna
   906 | D:2      | Reached ** piety under Sif Muna
   968 | D:$      | Safely got out of the dungeon.

Illustrated notes

Levels and vault maps discovered:
D:1:      minmay_arrival_loop, layout_loops_corners, nrook_mini_vaults
D:2:      layout_loops_ring, basic_altar, chequers_ecumenical_altar_island

Action                   || total
-------------------------++-------
Melee: Unarmed           ||    62
       Punch             ||     2
Armor: Ring mail         ||    28
Dodge: Dodged            ||    43

Table legend: (Time is in decaauts)
 A = Elapsed time spent in this place.
 B = Non-inter-level travel time spent in this place.
 C = Inter-level travel time spent in this place.
 D = Time resting spent in this place.
 E = Time spent auto-exploring this place.
 F = Levels seen in this place.
 G = Mean time per level.
                   A        B        C        D        E       F      G
               +--------+--------+--------+--------+--------+-----+--------+
         Total |    971 |    894 |     77 |      0 |    725 |   2 |  485.5 |
       Dungeon |    971 |    894 |     77 |      0 |    725 |   2 |  485.5 |
               +--------+--------+--------+--------+--------+-----+--------+

Top non-repeatable levels by time:
     D:1: 938 daAuts
     D:2: 33 daAuts
